 Dungeon Crawl Stone Soup version 0.31-a0-995-g04711c9635 (webtiles) character file.

Game seed: 16370333609466746545

800 IndexError the Trooper (level 8, -8/64 HPs)
             Began as a Djinni Conjurer on Nov 6, 2023.
             Was an Initiate of Makhleb.
             Killed by divine providence
             ... invoked by an orc priest
              (10 damage)
             ... on level 6 of the Dungeon.
             The game lasted 00:11:31 (6144 turns).

IndexError the Trooper (Djinni Conjurer)            Turns: 6144, Time: 00:11:32

Health: -8/64      AC:  9    Str:  6    XL:     8   Next: 13%
Gold:   287        EV: 12    Int: 28    God:    Makhleb [......] SH:  0 Dex: 12

rFire   + + .        t - +1 whip (flame)
rCold   x . .        (no shield)
rNeg    . . .        a - +0 robe
rPois   ∞            z - +0 helmet
rElec   .            H - +1 cloak
rCorr   .            (no gloves)
SInv    .            (boots unavailable)
Will    .....        (no amulet)
Stlth   ++           g - +6 ring of intelligence
HPRegen 0.30/turn    s - +4 ring of protection
MPRegen 0.00/turn

%: infuse magic (-9 HP)
@: flying
A: sickness immunity, fire resistance 2, cold vulnerability 1, float, innate
caster, HP casting, extra vitality 1
a: Renounce Religion


You were on level 6 of the Dungeon.
You worshipped Makhleb.
Makhleb was noncommittal.
You visited 2 branches of the dungeon, and saw 7 of its levels.

You collected 287 gold pieces.

Inventory:

Hand Weapons
 t - a +1 whip of flaming (weapon)
   (You took it off a gnoll on level 2 of the Dungeon)
Missiles
 c - 2 javelins
 h - a throwing net {=f, !d}
 J - 11 poisoned darts
Armour
 a - a +0 robe (worn)
 z - a +0 helmet (worn)
   (You found it on level 4 of the Dungeon)
 H - a +1 cloak (worn)
   (You took it off Crazy Yiuf on level 5 of the Dungeon)
Jewellery
 f - a ring of willpower
   (You found it on level 1 of the Dungeon)
 g - a +6 ring of intelligence (left hand)
   (You took it off a goblin on level 1 of the Dungeon)
 s - a +4 ring of protection (right hand)
   (You found it on level 2 of the Dungeon)
Talismans
 y - a serpent talisman
   (You found it on level 4 of the Dungeon)
Wands
 B - a wand of flame (14)
   (You took it off a goblin on level 4 of the Dungeon)
 D - a wand of mindburst (4)
   (You found it on level 4 of the Dungeon)
Scrolls
 b - a scroll of amnesia {unknown}
 i - 8 scrolls of identify {unknown}
 j - 2 scrolls of teleportation {unknown}
 n - 4 scrolls of enchant armour {unknown}
 p - a scroll of blinking {unknown}
 q - a scroll of fog {unknown}
 u - 2 scrolls of poison {unknown}
 x - 2 scrolls of noise {unknown}
 A - a scroll of acquirement {unknown}
 C - a scroll of brand weapon {unknown}
 F - a scroll of silence {unknown}
 I - a scroll of enchant weapon {unknown}
 K - a scroll of vulnerability {unknown}
Potions
 d - a potion of mutation {unknown}
 e - 2 potions of heal wounds {unknown}
 k - 3 potions of enlightenment {unknown}
 l - a potion of attraction {unknown}
 m - 2 potions of haste {unknown}
 o - 3 potions of curing {unknown}
 r - a potion of brilliance {unknown}
 v - 2 potions of invisibility {unknown}
 w - a potion of lignification {unknown}
 E - 3 potions of cancellation {unknown}
 G - a potion of berserk rage {unknown}


   Skills:
 * Level 7.2 Fighting
 - Level 2.1 Dodging
 - Level 1.5 Stealth
 + Level 4.7 Spellcasting
 + Level 4.7 Conjurations
 + Level 4.7 Hexes
   Level 0.0 Charms
 + Level 4.7 Summonings
 + Level 4.7 Necromancy
 + Level 4.7 Translocations
 + Level 4.7 Transmutations
 + Level 4.7 Fire Magic
 + Level 4.7 Ice Magic
 + Level 4.7 Air Magic
 + Level 4.7 Earth Magic
 + Level 4.7 Poison Magic


You knew the following spells:

 Your Spells              Type           Power      Damage    Failure   Level
a - Magic Dart            Conj           100%       1d8       1%          1
b - Searing Ray           Conj           66%        2d6       1%          2
c - Dazzling Flash        Conj/Hex       66%        N/A       3%          3
d - Fulminant Prism       Conj/Hex       16%        3d10      10%         4
e - Sting                 Tmut/Pois      100%       1d8       1%          1
f - Stone Arrow           Conj/Erth      66%        3d11      3%          3
w - Passwall              Tmut/Erth      27%        N/A       1%          2
x - Iskenderun's Mystic   Conj/Tloc      33%        2d8       10%         4
Your spell library was empty.

Dungeon Overview and Level Annotations

Branches:
Dungeon (6/15)             Temple (1/1) D:4

Altars:
Ashenzari
Cheibriados
Dithmenos
Elyvilon
Fedhas
Gozag
Hepliaklqana
Makhleb
Nemelex Xobeh
Okawaru
Qazlal
Ru
Trog
Uskayaw
Wu Jian
Xom
Yredelemnul
Zin
The Shining One

Shops:
D:4 (

Annotations:
D:4 2 runed translucent doors, Pascal76's ghost, amateur MiFi
D:6 Maggie


Innate Abilities, Weirdness & Mutations

You are immune to sickness and miasma.
You are immune to poison.
Your flesh is very heat resistant. (rF++)
You are vulnerable to cold. (rC-)
You float through the air rather than walking.
You learn spells naturally, not from books.
Your magical power is your life essence.
You have superior vitality. (+4 MHP)


Message History

HP restored.
Maggie the Vainglorious comes into view.
She is wielding a +0 morningstar and carrying a wand of charming.
Maggie shouts!
You hear a shout!
Health restored: 64
Casting: Magic Dart (safe; 1% risk of failure)
Confirm with . or Enter, or press ? or * to list all spells.
You can't see any susceptible monsters within range! (Use Z to cast anyway.)
The magic dart hits Maggie but does no damage.
You take 1 damage, and have 63/64 hp.
Casting: Magic Dart (safe; 1% risk of failure)
Confirm with . or Enter, or press ? or * to list all spells.
Aiming: Searing Ray (safe; 1% risk of failure)
Press: ? - help, Shift-Dir - straight line, f/p - Maggie
Aim: Maggie, wielding a +0 morningstar, wearing +0 swamp dragon scales and carrying a wand of charming (83% to hit)
The searing ray hits Maggie but does no damage. (Press . to maintain the ray.)
You take 1 damage, and have 62/64 hp.
The searing ray hits Maggie but does no damage.
Maggie gestures wildly while chanting.
Maggie attempts to bespell you! You resist with some effort.
You hear a shout!
You take 1 damage, and have 61/64 hp.
The searing ray misses Maggie.
An orc priest comes into view. It is wielding a +0 club.
Maggie gestures at you while chanting. The bolt of fire hits you! You resist.
You take 8 damage, and have 53/64 hp.
The searing ray hits Maggie!
You finish channelling your searing ray.
The orc priest calls down the wrath of Beogh upon you.
Beogh smites you!
You hear a shout!
You take 14 damage, and have 39/64 hp.
MASSIVE DAMAGE!!
There is a stone staircase leading up here.
Maggie practices a pose.
Maggie casts a spell at you. The bolt of fire hits you! You resist.
You fly upwards.
There is a stone staircase leading down here.
You take 6 damage, and have 34/64 hp.
HP restored.
Done exploring.
Health restored: 64
Things that are here:
a +0 scale mail; a +0 dagger You see here a +0 dagger.
Things that are here:
a +0 leather armour; a +1 antimagic dagger
There is a stone staircase leading down here.
You fly downwards.
Level annotation: Maggie
There is a stone staircase leading up here.
An orc comes into view. It is wielding a +0 whip.
The magic dart hits the orc.
You take 1 damage, and have 63/64 hp.
The magic dart hits the orc but does no damage.
The magic dart hits the orc.
You take 1 damage, and have 62/64 hp.
The magic dart hits the orc but does no damage.
You take 1 damage, and have 61/64 hp.
The magic dart hits the orc.
Makhleb accepts your kill.
You can't see any susceptible monsters within range! (Use Z to cast anyway.) HP restored.
K - a scroll labelled PAGIAT BUZOZAL Health restored: 64 A centaur comes into view.
The magic dart hits the centaur.
The centaur shouts!
You take 1 damage, and have 63/64 hp.
The magic dart hits the centaur.
The centaur wields a +1 shortbow of freezing.
It is covered in frost.
The centaur shoots an arrow.
The arrow hits you! The arrow freezes you.
You take 11 damage, and have 52/64 hp.
The magic dart hits the centaur.
The orc priest shouts!
The centaur shoots an arrow.
The arrow closely misses you.
The centaur shoots an arrow.
The arrow hits you. The arrow freezes you.
You take 8 damage, and have 44/64 hp.
The magic dart hits the centaur.
The centaur shoots an arrow.
The arrow hits you! The arrow freezes you.
You take 13 damage, and have 31/64 hp.
MASSIVE DAMAGE!!
The centaur shoots an arrow.
The arrow hits you! The arrow freezes you.
You take 11 damage, and have 20/64 hp.
The orc priest calls down the wrath of Beogh upon you.
Beogh smites you!
* * * LOW HITPOINT WARNING * * *
You take 13 damage, and have 8/64 hp.
MASSIVE DAMAGE!!
The centaur shoots an arrow.
The arrow hits you but does no damage.
The centaur shoots an arrow.
The arrow hits you.
* * * LOW HITPOINT WARNING * * *
The arrow freezes you.
* * * LOW HITPOINT WARNING * * *
The centaur shoots an arrow.
The arrow barely misses you.
You take 7 damage, and have 2/64 hp.
The centaur shoots an arrow.
The arrow barely misses you.
The orc priest invokes the aid of Beogh against you.
Beogh smites you!
You die...

.......##........................
............##.........#.#######.
.##..#.####..........###.# #.
.#÷......[...............# #.
.#<)..[####.#..#####.######## #.
.#...#.# ##............... ..
.....#... .....##.######## ##
.#...# ####.#####.##.########
.....# #.....@............ .##..#
....####.##......... .....# .
#.########... .....# #..## .
.....# ##..# .....# ##.## .....#
####.o# .....# #...c.# .....#
#........o..


You could see a centaur and an orc priest.

Vanquished Creatures
  A black bear (D:5)
  A kobold brigand (D:6)
  2 scorpions (D:5)
  4 hounds
  An orc priest (D:3)
  Crazy Yiuf (D:5)
  2 iguanas
  An orc wizard (D:4)
  4 gnolls
  9 adders
  4 ufetubi
  A worm (D:2)
  2 dart slugs
  21 orcs
  6 endoplasms
  4 giant cockroaches
  6 goblins
  11 hobgoblins
  3 jackals (D:1)
  11 kobolds
  2 quokkas
  8 ball pythons
  7 bats
  2 frilled lizards
  4 rats
118 creatures vanquished.

Notes
Turn   | Place    | Note
-------+----------+-------------------------------------------
     0 | D:1      | IndexError the Djinni Conjurer began the quest for the Orb.
     0 | D:1      | IndexError set off with the following spells memorised:
                  | Magic Dart, Searing Ray, Dazzling Flash, Fulminant Prism,
                  | Iskenderun's Mystic Blast.
     0 | D:1      | Reached XP level 1. HP: 15/15 MP: 0/0
   211 | D:1      | Reached skill level 1 in Fighting
   211 | D:1      | Reached XP level 2. HP: 20/22 MP: 0/0
   434 | D:1      | Found a faded altar of an unknown god.
   587 | D:1      | Reached XP level 3. HP: 24/28 MP: 0/0
   587 | D:1      | Learned a level 1 spell: Sting
   636 | D:1      | Reached skill level 2 in Fighting
  1335 | D:2      | Reached XP level 4. HP: 30/34 MP: 0/0
  1399 | D:2      | Found a hide-covered altar of Uskayaw.
  1513 | D:2      | Reached skill level 3 in Fighting
  2275 | D:3      | Reached XP level 5. HP: 37/40 MP: 0/0
  2275 | D:3      | Learned a level 2 spell: Passwall
  2368 | D:3      | Reached skill level 4 in Fighting
  2939 | D:3      | Reached skill level 4 in Spellcasting
  2939 | D:3      | Reached skill level 4 in Conjurations
  2939 | D:3      | Reached skill level 4 in Hexes
  2939 | D:3      | Reached skill level 4 in Summonings
  2939 | D:3      | Reached skill level 4 in Necromancy
  2939 | D:3      | Reached skill level 4 in Translocations
  2939 | D:3      | Reached skill level 4 in Transmutations
  2939 | D:3      | Reached skill level 4 in Fire Magic
  2939 | D:3      | Reached skill level 4 in Ice Magic
  2939 | D:3      | Reached skill level 4 in Air Magic
  2939 | D:3      | Reached skill level 4 in Earth Magic
  2939 | D:3      | Reached skill level 4 in Poison Magic
  2940 | D:3      | Reached XP level 6. HP: 42/48 MP: 0/0
  3054 | D:4      | Found a large runed translucent door.
  3054 | D:4      | Found a large runed translucent door.
  3165 | D:4      | Reached skill level 5 in Fighting
  3539 | D:4      | Found a staircase to the Ecumenical Temple.
  3548 | Temple   | Entered the Ecumenical Temple
  3718 | D:4      | Noticed Pascal76's ghost (amateur MiFi)
  3777 | D:4      | Found Oddaut's Antique Weapon Boutique.
  4417 | D:5      | Entered Level 5 of the Dungeon
  4486 | D:5      | Reached XP level 7. HP: 48/54 MP: 0/0
  4486 | D:5      | Learned a level 3 spell: Stone Arrow
  4863 | D:5      | Reached skill level 6 in Fighting
  5022 | D:5      | Found a runed translucent door.
  5023 | D:5      | Noticed Crazy Yiuf
  5044 | D:5      | Found a sacrificial altar of Ru.
  5047 | D:5      | Found a burning altar of Makhleb.
  5060 | D:5      | Became a worshipper of Makhleb the Destroyer
  5425 | D:5      | Killed Crazy Yiuf
  5581 | D:6      | Reached XP level 8. HP: 40/62 MP: 0/0
  5650 | D:6      | Reached skill level 7 in Fighting
  5914 | D:6      | Noticed Maggie
  6141 | D:6      | HP: 8/64 [orc priest/divine providence (13)]
  6143 | D:6      | HP: 2/64 [centaur/arrow (3)]
  6144 | D:6      | Killed from afar by an orc priest

Illustrated notes

Levels and vault maps discovered:
D:1:      lemuel_arrival_muddy, layout_basic,
          hellmonk_ecumenical_altar_lost_god, minmay_tree_intersection
D:2:      layout_basic, basic_altar
D:3:      layout_loops_ring, minmay_misc_feat_encased
D:4:      layout_layer_cave, minmay_temple_entry_mist,
          ebering_ghost_disaster_area, serial_shops,
          nicolae_shop_gibbet_a_chance
D:5:      layout_layer_cave, grunt_temple_overflow_diamond,
          minmay_gold_behind_fungi, chequers_hall_statues_corner_a,
          uniq_crazy_yiuf_cottage
D:6:      layout_basic, serial_park_tiny_2, uniq_maggie
Temple:   nicolae_temple_bog_church

Skill      XL: |  1  2  3  4  5  6  7  8 |
---------------+-------------------------+-----
Fighting       | 1 2 3 4 5 6 7 |  7.2
Spellcasting   | 4 |  4.7
Conjurations   | 4 |  4.7
Hexes          | 4 |  4.7
Summonings     | 4 |  4.7
Necromancy     | 4 |  4.7
Translocations | 4 |  4.7
Transmutations | 4 |  4.7
Fire Magic     | 4 |  4.7
Ice Magic      | 4 |  4.7
Air Magic      | 4 |  4.7
Earth Magic    | 4 |  4.7
Poison Magic   | 4 |  4.7
Dodging        | |  2.1
Stealth        | |  1.5

Action                     |  1- 3 |  4- 6 |  7- 9 || total
---------------------------+-------+-------+-------++-------
  Melee: Whip              |       |     1 |     4 ||     5
   Cast: Magic Dart        |    67 |   132 |    75 ||   274
         Searing Ray       |     3 |     8 |     8 ||    19
         Iskenderun's Myst |       |       |     1 ||     1
   Stab: Sleeping          |       |     1 |       ||     1
 Armour: Robe              |     7 |    16 |    27 ||    50
  Dodge: Dodged            |     7 |    12 |    30 ||    49

Table legend: (Time is in decaauts)
 A = Elapsed time spent in this place.
 B = Non-inter-level travel time spent in this place.
 C = Inter-level travel time spent in this place.
 D = Time resting spent in this place.
 E = Time spent auto-exploring this place.
 F = Levels seen in this place.
 G = Mean time per level.
                   A        B        C        D        E       F      G
               +--------+--------+--------+--------+--------+-----+--------+
         Total |   6144 |   5444 |    700 |      0 |   4800 |   7 |  877.7 |
       Dungeon |   6143 |   5443 |    700 |      0 |   4800 |   6 | 1023.8 |
        Temple |      1 |      1 |      0 |      0 |      0 |   1 |    1.0 |
               +--------+--------+--------+--------+--------+-----+--------+

Top non-repeatable levels by time:
     D:4: 1392 daAuts
     D:5: 1349 daAuts
     D:1: 1110 daAuts
     D:2: 1105 daAuts
     D:3: 862 daAuts
     D:6: 323 daAuts
  Temple: 1 daAuts

Levels and vault maps discovered:
D:1:      lemuel_arrival_muddy, layout_basic,
          hellmonk_ecumenical_altar_lost_god, minmay_tree_intersection
D:2:      layout_basic, basic_altar
D:3:      layout_loops_ring, minmay_misc_feat_encased
D:4:      layout_layer_cave, minmay_temple_entry_mist,
          ebering_ghost_disaster_area, serial_shops,
          nicolae_shop_gibbet_a_chance
D:5:      layout_layer_cave, grunt_temple_overflow_diamond,
          minmay_gold_behind_fungi, chequers_hall_statues_corner_a,
          uniq_crazy_yiuf_cottage
D:6:      layout_basic, serial_park_tiny_2, uniq_maggie
Temple:   nicolae_temple_bog_church

Table legend: (Time is in decaauts)
 A = Elapsed time spent in this place.
 B = Non-inter-level travel time spent in this place.
 C = Inter-level travel time spent in this place.
 D = Time resting spent in this place.
 E = Time spent auto-exploring this place.
 F = Levels seen in this place.
 G = Mean time per level.
                   A        B        C        D        E       F      G
               +--------+--------+--------+--------+--------+-----+--------+
         Total |   6144 |   5444 |    700 |      0 |   4800 |   7 |  877.7 |
       Dungeon |   6143 |   5443 |    700 |      0 |   4800 |   6 | 1023.8 |
        Temple |      1 |      1 |      0 |      0 |      0 |   1 |    1.0 |
               +--------+--------+--------+--------+--------+-----+--------+

Top non-repeatable levels by time:
     D:4: 1392 daAuts
     D:5: 1349 daAuts
     D:1: 1110 daAuts
     D:2: 1105 daAuts
     D:3: 862 daAuts
     D:6: 323 daAuts
  Temple: 1 daAuts

Table legend:
 A = Kills in this place as a percentage of kills in the entire game.
 B = Kills by you in this place as a percentage of kills by you in the entire game.
 C = Kills by friends in this place as a percentage of kills by friends in the entire game.
 D = Other kills in this place as a percentage of other kills in the entire game.
 E = Experience gained in this place as a percentage of experience gained in the entire game.
 F = Experience gained in this place divided by the number of levels of this place that you have seen.
                   A       B       C       D       E      F
               +-------+-------+-------+-------+-------+----------------------
         Total | 100.0 | 100.0 |   N/A |   N/A | 100.0 | 163.3
       Dungeon | 100.0 | 100.0 |   N/A |   N/A | 100.0 | 190.5
               +-------+-------+-------+-------+-------+----------------------
